 Dungeon Crawl Stone Soup version 0.26-a0-1191-ge2a0e31ab3 (webtiles) character file.

Game seed: 16580442217855884828

25 vvl the Firebug (level 2, -2/19 HPs)
             Began as a Demonspawn Fire Elementalist on Dec 29, 2020.
             Slain by Natasha (10 damage)
             ... on level 2 of the Dungeon.
             The game lasted 00:06:54 (1860 turns).

vvl the Firebug (Demonspawn Fire Elementalist)      Turns: 1860, Time: 00:06:54

Health: -2/19      AC:  7    Str:  8    XL:     2   Next: 82%
Magic:  0/5        EV: 11    Int: 16    God:
Gold:   69         SH:  3    Dex: 13    Spells: 4/5 levels left

rFire    . . .     SeeInvis .   e - +0 dagger
rCold    . . .     Faith    .   l - +0 buckler
rNeg     . . .     Spirit   .   a - +0 robe
rPois    .         Reflect  .   (no helmet)
rElec    .         Harm     .   (no cloak)
rCorr    .         Rampage  .   i - +0 pair of gloves
Will     .....                  k - +2 pair of boots
Stlth    ++........             (no amulet)
HPRegen  0.06/turn              (no ring)
MPRegen  0.09/turn              (no ring)

@: very slightly contaminated, slowed, very slow
A: sharp scales 1
a: no special abilities


You were on level 2 of the Dungeon.
You visited 1 branch of the dungeon, and saw 2 of its levels.

You collected 69 gold pieces.

Inventory:

Hand Weapons
 e - a +0 dagger (weapon)
Armour
 a - a +0 robe (worn)
 i - a +0 pair of gloves (worn)
 k - a +2 pair of boots (worn)
 l - a +0 buckler (worn)
Scrolls
 g - 2 scrolls of remove curse {unknown}
 h - 2 scrolls of identify {unknown}
 m - a scroll of noise {unknown}
 n - a scroll of teleportation {unknown}
 o - a scroll of enchant armour {unknown}
Potions
 b - a potion of lignification {unknown}
 c - a potion of resistance {unknown}
 d - 2 potions of haste {unknown}
 f - 3 potions of heal wounds {unknown}
 j - a potion of flight {unknown}


   Skills:
 - Level 1.7 Dodging
 - Level 1.7 Stealth
 + Level 0.0 Shields
 + Level 2.2 Spellcasting
 * Level 1.8 Conjurations
 + Level 2.9 Fire Magic
 + Level 1.0 Invocations
 + Level 0.7 Evocations


You had 4 spell levels left.
You knew the following spells:

 Your Spells              Type           Power        Failure   Level
a - Foxfire               Conj/Fire      36%          13%         1

Your spell library contained the following spells:

 Spells                   Type           Power        Failure   Level
 Conjure Flame            Conj/Fire      9%           36%         3
 Inner Flame              Hex/Fire       6%           50%         3
 Sticky Flame             Conj/Fire      9%           77%         4
 Fireball                 Conj/Fire      4%           98%         5


Dungeon Overview and Level Annotations

Branches:
Dungeon (2/15)

Altars:
Xom
Yredelemnul

Annotations:
D:2 Natasha


Innate Abilities, Weirdness & Mutations

You are partially covered in razor-sharp scales. (AC +1, Slay +1)


Message History

Confirm with . or Enter, or press ? or * to list all spells.
You conjure some foxfire!
Natasha claws you. Natasha misses you.
You hit Natasha but do no damage.
Natasha is heavily wounded.
The foxfire hits Natasha but does no damage.
Natasha is heavily wounded.
The foxfire hits Natasha.
Natasha is severely wounded.
Natasha claws you but does no damage.
You barely miss Natasha.
Natasha is severely wounded.
Natasha closely misses you. x2
You hit Natasha but do no damage.
Natasha is severely wounded.
Natasha claws you.
Casting: Foxfire (safe; 13% risk of failure)
Confirm with . or Enter, or press ? or * to list all spells.
You conjure some foxfire!
Natasha claws you!
Ouch! That really hurt!
You die...

### ##<##
#†..# #.⌠.#
#.).# ##'.##
#.####.######
#......##v..##
#.#..⌠.'.@h.>#
##...##v..##
###.###### ##.
[. .⌠ ... #>#


You could see Natasha.

Vanquished Creatures
  A dart slug (D:1)
  2 giant cockroaches (D:1)
  2 goblins (D:1)
  4 hobgoblins
  2 jackals (D:1)
  3 kobolds (D:1)
  A ball python (D:1)
  4 bats (D:1)
  2 frilled lizards (D:1)
  A rat (D:1)
22 creatures vanquished.

Vanquished Creatures (others)
  44 foxfires
44 creatures vanquished.

Grand Total: 66 creatures vanquished

Notes
Turn   | Place    | Note
-------+----------+-------------------------------------------
     0 | D:1      | vvl the Demonspawn Fire Elementalist began the quest for
                  | the Orb.
     0 | D:1      | Reached XP level 1. HP: 13/13 MP: 3/3
   498 | D:1      | Gained mutation: You are partially covered in razor-sharp
                  | scales. (AC +1, Slay +1) [demonic ancestry]
   498 | D:1      | Reached XP level 2. HP: 14/19 MP: 1/5
  1585 | D:1      | Reached skill level 1 in Invocations
  1630 | D:1      | Found a radiant altar of Vehumet.
  1632 | D:1      | Found a bloodstained altar of Trog.
  1632 | D:1      | Found a shimmering altar of Xom.
  1634 | D:1      | Found an ancient bone altar of Kikubaaqudgha.
  1634 | D:1      | Found a basalt altar of Yredelemnul.
  1634 | D:1      | Found a basalt altar of Yredelemnul.
  1848 | D:2      | Noticed Natasha
  1860 | D:2      | Slain by Natasha

Illustrated notes

Levels and vault maps discovered:
D:1:      mrwooster_arrival_statue_3, layout_loops_ring, minmay_misc_feat_cross,
          doesnt_xom_only_xom
D:2:      layout_basic, grunt_ministairs_4, due_unseen_surprise, uniq_jessica,
          uniq_natasha

Skill      XL: |  1  2 |
---------------+-------+-----
Invocations    | 1 |  1.0
Dodging        | |  1.7
Stealth        | |  1.7
Spellcasting   | |  2.2
Conjurations   | |  1.8
Fire Magic     | |  2.9
Evocations     | |  0.7

Action                   || total
-------------------------++-------
Melee: Unarmed           ||    58
       Dagger            ||    54
 Cast: Foxfire           ||    32
 Stab: Sleeping          ||     2
Armor: Robe              ||    45
Dodge: Dodged            ||    81
Block: Buckler           ||    12

Table legend: (Time is in decaauts)
 A = Elapsed time spent in this place.
 B = Non-inter-level travel time spent in this place.
 C = Inter-level travel time spent in this place.
 D = Time resting spent in this place.
 E = Time spent auto-exploring this place.
 F = Levels seen in this place.
 G = Mean time per level.
                   A        B        C        D        E       F      G
               +--------+--------+--------+--------+--------+-----+--------+
         Total |   1864 |   1798 |     66 |      0 |   1526 |   2 |  932.0 |
       Dungeon |   1864 |   1798 |     66 |      0 |   1526 |   2 |  932.0 |
               +--------+--------+--------+--------+--------+-----+--------+

Top non-repeatable levels by time:
     D:1: 1813 daAuts
     D:2: 51 daAuts
